 Dungeon Crawl Stone Soup version 0.27.1-33-g824d729ab1 (webtiles) character file.

Game seed: 1532648100773999447

712 LLlMATKO the Skirmisher (level 7, -8/62 HPs)
             Began as a Minotaur Berserker on Dec 28, 2021.
             Was a Priest of Trog.
             Killed by nerve-wracking pain
             ... invoked by an orc priest
              (14 damage)
             ... on level 5 of the Dungeon.
             The game lasted 00:06:03 (5084 turns).

LLlMATKO the Skirmisher (Minotaur Berserker)        Turns: 5084, Time: 00:06:04

Health: -8/62      AC:  9    Str: 22    XL:     7   Next: 41%
Magic:  6/6        EV:  9    Int:  4    God:    Trog [***...]
Gold:   193        SH:  9    Dex: 11    Spells: 6/6 levels left

rFire    . . .     SeeInvis .   p - +1 mace (protect)
rCold    . . .     Faith    .   f - +0 kite shield
rNeg     . . .     Spirit   .   v - +0 scale mail
rPois    .         Reflect  .   (helmet restricted)
rElec    .         Harm     .   o - +0 cloak
rCorr    .         Rampage  .   t - +0 pair of gloves
Will     .....                  (no boots)
Stlth    ..........             (no amulet)
HPRegen  0.20/turn              (no ring)
MPRegen  0.10/turn              (no ring)

@: on berserk cooldown, slowed, very slow
A: horns 2, retaliatory headbutt
a: Renounce Religion, Berserk, Trog's Hand


You were on level 5 of the Dungeon.
You worshipped Trog.
Trog was most pleased with you.
You visited 1 branch of the dungeon, and saw 5 of its levels.

You collected 193 gold pieces.

Inventory:

Hand Weapons
 p - a +1 mace of protection (weapon)
Missiles
 j - 24 poisoned darts (quivered)
 l - 30 bolts
Armour
 f - a +0 kite shield (worn)
 o - a +0 cloak (worn)
 t - a +0 pair of gloves (worn)
 v - a +0 scale mail (worn)
Wands
 r - a wand of mindburst (11)
Scrolls
 a - 3 scrolls of teleportation {unknown}
 b - a scroll of brand weapon {unknown}
 c - 2 scrolls of magic mapping {unknown}
 e - a scroll of holy word {unknown}
 h - 5 scrolls of identify {unknown}
 i - a scroll of noise {unknown}
 m - 2 scrolls of amnesia {unknown}
 q - a scroll of blinking {unknown}
 s - a scroll of fog {unknown}
 w - a scroll of acquirement {unknown}
Potions
 d - 2 potions of degeneration {unknown}
 g - a potion of brilliance {unknown}
 k - 2 potions of magic {unknown}
 n - a potion of curing {unknown}
 u - a potion of resistance {unknown}


   Skills:
 + Level 5.7 Fighting
 - Level 4.3(4.9) Axes
 + Level 3.3(4.4) Maces & Flails
 + Level 5.0 Armour
 + Level 4.5 Dodging
 + Level 3.9 Shields


You had 6 spell levels left.
You didn't know any spells.
Your spell library was empty.

Dungeon Overview and Level Annotations

Branches:
Dungeon (5/15)             Temple (0/1) D:4

Altars:
Cheibriados
Qazlal
Ru


Innate Abilities, Weirdness & Mutations

You have a pair of horns on your head.
You reflexively headbutt those who attack you in melee.


Message History

The orc priest hits you but does no damage.
Unknown command.
You bump into the rock wall.
The orc barely misses you. The orc wizard barely misses you.
The orc priest hits you with a +0 morningstar.
The orc wizard closely misses you. The orc hits you but does no damage.
Unknown command.
You closely miss the orc. Your headbutt misses the orc.
The orc priest barely misses you.
The orc wizard hits you but does no damage.
The orc closely misses you. The orc priest barely misses you.
The orc hits you with a +0 club.
The orc wizard hits you with a +0 dagger.
Unknown command.
You hit the orc.
Your weapon exudes an aura of protection.
You headbutt the orc.
You kill the orc!
Trog accepts your kill.
You feel less confused.
The orc priest calls down the wrath of Beogh upon you.
Beogh smites you! The orc wizard casts a spell at you.
The puff of flame misses you.
The orc priest invokes the aid of Beogh against you.
Beogh smites you! The orc closely misses you.
You block the orc wizard's attack.
You are too injured to fight recklessly!
You are too injured to fight recklessly!
Unknown command.
You are too injured to fight recklessly!
The orc priest invokes the aid of Beogh against you.
Pain shoots through your body!
* * * LOW HITPOINT WARNING * * *
The orc priest invokes the aid of Beogh against you.
Beogh smites you!
* * * LOW HITPOINT WARNING * * *
The orc priest mumbles some strange prayers to Beogh against you.
Pain shoots through your body!
You die...

###.[.# ##...#
..# ### #..#
#.# #.(###.##
#.#
#.$....######
##.##
#.##oo......[.
#...# ###.
#oo#######.
#...#
#..>##.##
#...# #.##.@.#
#<..# #.#..###
###.###.#.##
#..##...###.#
#...........#
#......######
#......#
#.........
#......##..


You could see an orc priest, an orc wizard and 2 orcs.

Vanquished Creatures
  Sigmund (D:3)
  An ogre (D:4)
  A phantom (D:4)
  A scorpion (D:4)
  2 hounds
  An iron imp (D:4)
  Crazy Yiuf (D:2)
  Ijyb (D:3)
  An orc wizard (D:3)
  Robin (D:3)
  2 adders
  3 gnolls (D:4)
  2 worms
  3 dart slugs
  5 orcs
  11 ball pythons
  8 endoplasms
  4 giant cockroaches
  14 goblins
  9 hobgoblins
  2 jackals (D:2)
  16 kobolds
  3 quokkas
  2 bats
  2 frilled lizards
  10 rats
107 creatures vanquished.

Vanquished Creatures (others)
  7 plants (D:2)
7 creatures vanquished.

Grand Total: 114 creatures vanquished

Notes
Turn   | Place    | Note
-------+----------+-------------------------------------------
     0 | D:1      | LLlMATKO the Minotaur Berserker began the quest for the
                  | Orb.
     0 | D:1      | Reached XP level 1. HP: 19/19 MP: 0/0
   275 | D:1      | Reached XP level 2. HP: 8/27 MP: 1/1
  1143 | D:1      | Reached ** piety under Trog
  1144 | D:1      | Reached XP level 3. HP: 30/33 MP: 2/2
  1813 | D:2      | Reached skill level 1 in Shields
  2130 | D:2      | Reached XP level 4. HP: 36/40 MP: 3/3
  2518 | D:2      | Found a runed translucent door.
  2519 | D:2      | Noticed Crazy Yiuf
  2770 | D:2      | Killed Crazy Yiuf
  2968 | D:3      | Noticed Sigmund
  2976 | D:3      | Killed Sigmund
  2977 | D:3      | Reached skill level 1 in Maces & Flails
  2977 | D:3      | Reached XP level 5. HP: 47/47 MP: 4/4
  3191 | D:3      | Reached XP level 6. HP: 55/55 MP: 5/5
  3191 | D:3      | Noticed Ijyb
  3198 | D:3      | Killed Ijyb
  3321 | D:3      | Noticed Robin
  3322 | D:3      | Reached *** piety under Trog
  3349 | D:3      | Reached skill level 5 in Fighting
  3353 | D:3      | Killed Robin
  3749 | D:3      | Found a sacrificial altar of Ru.
  3750 | D:3      | Found a stormy altar of Qazlal.
  3978 | D:4      | Found a snail-covered altar of Cheibriados.
  4196 | D:4      | Reached XP level 7. HP: 53/61 MP: 6/6
  4645 | D:4      | Found a staircase to the Ecumenical Temple.
  4889 | D:4      | Reached skill level 5 in Armour
  5039 | D:5      | Entered Level 5 of the Dungeon
  5084 | D:5      | Killed from afar by an orc priest

Illustrated notes

Levels and vault maps discovered:
D:1:      psy_arrival_fountain, layout_basic, minmay_tromino_i2
D:2:      wad_lake_hut, layout_loops_ring, minmay_fractal_squares_5,
          uniq_crazy_yiuf_cottage
D:3:      layout_basic, gammafunk_temple_overflow_statue, minivault_24,
          hangedman_decor_clover_reticule, uniq_robin, uniq_ijyb, uniq_sigmund
D:4:      layout_basic, slow_altar_1, temple_hall
D:5:      layout_rooms, biasface_ghost_orc_armoury, serial_shops,
          nicolae_shop_behind_doors, uniq_eustachio, uniq_edmund, uniq_menkaure

Skill      XL: |  1  2  3  4  5  6  7 |
---------------+----------------------+-----
Fighting       | 4 5 |  5.7
Axes           | 4 |  4.3
Armour         | 3 4 5 |  5.0
Shields        | 1 2 3 |  3.9
Dodging        | 3 4 |  4.5
Maces & Flails | 1 2 3 |  3.3

Action                   |  1- 3 |  4- 6 |  7- 9 || total
-------------------------+-------+-------+-------++-------
Melee: Hand axe          |    94 |    24 |       ||   118
       Headbutt          |    17 |    12 |     6 ||    35
       Mace              |       |    89 |    31 ||   120
Invok: Berserk           |     1 |     5 |     1 ||     7
 Stab: Sleeping          |       |     1 |       ||     1
Armor: Animal skin       |     8 |    39 |     3 ||    50
       Scale mail        |       |       |    15 ||    15
Dodge: Dodged            |    38 |    49 |    17 ||   104
Block: Kite shield       |    33 |    63 |    12 ||   108
